 Dungeon Crawl Stone Soup version 0.26-a0-651-gb41185065b (webtiles) character file.

Game seed: 1263583383571466038

1200 kae the Grappler (level 8, -9/63 HPs)
             Began as a Yellow Draconian Transmuter on Oct 7, 2020.
             Mangled by a wyvern (15 damage)
             ... on level 8 of the Dungeon.
             The game lasted 00:04:30 (5885 turns).

kae the Grappler (Yellow Draconian Transmuter)      Turns: 5885, Time: 00:04:31

Health: -9/63      AC: 12    Str: 14    XL:     8   Next: 21%
Magic:  11/11      EV: 12    Int: 13    God:
Gold:   228        SH:  0    Dex: 13    Spells: 5/11 levels left

rFire    + . .     SeeInvis .     - Unarmed
rCold    . . .     Faith    .   (no shield)
rNeg     . . .     Spirit   .   (armour unavailable)
rPois    .         Reflect  .   (helmet restricted)
rElec    .         Harm     .   (no cloak)
rCorr    +         Rampage  .   e - +1 pair of gloves
MR       .....                  (no boots)
Stlth    +.........             (no amulet)
HPRegen  0.20/turn              c - +4 ring of protection
MPRegen  0.12/turn              n - ring of protection from fire

@: short of breath
A: spit acid, unfitting armour, cold-blooded, acid resistance, AC +6
a: Breathe Acid


You were on level 8 of the Dungeon.
You visited 1 branch of the dungeon, and saw 7 of its levels.

You collected 310 gold pieces.
You spent 82 gold pieces at shops.

Inventory:

Armour
 e - a +1 pair of gloves (worn)
Jewellery
 c - a +4 ring of protection (left hand)
 h - an uncursed amulet of faith
 k - an uncursed ring of ice
 n - a ring of protection from fire (right hand)
Wands
 u - a wand of paralysis (5)
Scrolls
 j - 2 scrolls of remove curse
 l - 3 scrolls of teleportation
 m - 2 scrolls of magic mapping
 p - a scroll of immolation
 q - a scroll of identify
 r - 2 scrolls of enchant armour
 t - a scroll of fear
Potions
 a - a potion of berserk rage
 b - 2 potions of brilliance
 d - 3 potions of lignification
 f - a potion of stabbing
 g - a potion of ambrosia {unknown}
 i - a potion of might {unknown}
 o - 2 potions of curing {unknown}
 v - a potion of heal wounds {unknown}
 w - a potion of degeneration {unknown}


   Skills:
 - Level 3.0 Fighting
 - Level 1.7 Dodging
 * Level 8.3 Unarmed Combat
 - Level 2.0 Spellcasting
 + Level 5.7 Transmutations


You had 5 spell levels left.
You knew the following spells:

 Your Spells              Type           Power        Failure   Level
a - Beastly Appendage     Tmut           ###...       2%          1
b - Wereblood             Tmut           ###.....     3%          2
c - Spider Form           Tmut/Pois      #.........   24%         3

Your spell library contained the following spells:

 Spells                   Type           Power        Failure   Level
 Blade Hands              Tmut           ###.......   54%         5
 Ice Form                 Ice/Tmut       #.......     61%         4


Dungeon Overview and Level Annotations

Branches:
Dungeon (6/15)
 Temple: D:4-7

Altars:
Ru
The Shining One

Shops:
D:5 =*


Innate Abilities, Weirdness & Mutations

You can spit globs of acid.
Your golden yellow scales are hard. (AC +6)
You cannot fit into any form of body armour.
You are cold-blooded and may be slowed by cold attacks.
You are resistant to acid. (rCorr)


Message History

The wyvern completely misses you. The wyvern bites you.
You can't do that yet.
Unknown command.
Unknown command.
You hit the wyvern.
The wyvern is severely wounded.
The wyvern misses you.
You hit the wyvern.
You tail-slap the wyvern, but do no damage.
The wyvern is severely wounded.
The wyvern closely misses you.
You hit the wyvern but do no damage.
Your tail-slap misses the wyvern.
The wyvern is severely wounded.
The wyvern hisses menacingly.
The wyvern barely misses you. The wyvern bites you!!
* * * LOW HITPOINT WARNING * * *
You closely miss the wyvern.
The wyvern is severely wounded.
The wyvern bites you!
You die...

##......######.##.#
## ######## #...# #
##.### #..# #.## #
#.# >#
##.#####.#####
#.....$l.....#
#<#..[@.......
#.#........?.#
#.#..........#
#.#..........#
..#..........#
.##.....[....#
............
#############


You could see a wyvern.

Vanquished Creatures
  Grinder (D:4)
  A wyvern (D:8)
  An orc warrior (D:8)
  3 bullfrogs
  Blork the orc (D:4)
  A bullfrog zombie (D:8)
  2 bullfrog skeletons
  2 orc wizards
  2 worker ants
  A hound zombie (D:5)
  2 worker ant zombies (D:5)
  7 adders
  7 gnolls
  A shadow imp (D:5)
  A white imp (D:8)
  An ufetubus (D:5)
  2 oozes
  2 adder skeletons
  3 worms
  2 leopard geckos
  18 orcs
  8 bats
  5 giant cockroaches
  6 goblins
  6 hobgoblins
  5 jackals
  6 frilled lizards
  10 kobolds
  6 rats
113 creatures vanquished.

Notes
Turn   | Place    | Note
-------+----------+-------------------------------------------
     0 | D:1      | kae the Draconian Transmuter began the quest for the Orb.
     0 | D:1      | Reached XP level 1. HP: 16/16 MP: 3/3
   575 | D:1      | Reached XP level 2. HP: 19/23 MP: 3/5
  1156 | D:2      | Found a glowing golden altar of the Shining One.
  1191 | D:2      | Reached XP level 3. HP: 29/29 MP: 4/6
  1386 | D:2      | Learned a level 2 spell: Wereblood
  1390 | D:2      | Learned a level 3 spell: Spider Form
  1799 | D:2      | Reached XP level 4. HP: 22/37 MP: 1/7
  2069 | D:2      | Reached skill level 4 in Unarmed Combat
  2674 | D:3      | Reached XP level 5. HP: 40/45 MP: 8/8
  3723 | D:4      | Reached skill level 5 in Unarmed Combat
  3814 | D:4      | Noticed Blork the orc
  3829 | D:4      | Killed Blork the orc
  3829 | D:4      | Reached XP level 6. HP: 34/51 MP: 3/9
  4270 | D:4      | Noticed Grinder
  4274 | D:4      | Paralysed by Grinder for 5 turns
  4280 | D:4      | Killed Grinder
  4280 | D:4      | Reached skill level 6 in Unarmed Combat
  4395 | D:4      | Your scales start taking on a golden yellow colour.
  4395 | D:4      | Reached XP level 7. HP: 52/57 MP: 8/10
  4395 | D:4      | Gained mutation: You are resistant to acid. (rCorr) [Yellow
                  | Draconian growth]
  4646 | D:5      | Entered Level 5 of the Dungeon
  4837 | D:5      | Found a sacrificial altar of Ru.
  4897 | D:5      | Found Geruulu's Jewellery Boutique.
  5010 | D:5      | Reached skill level 7 in Unarmed Combat
  5071 | D:5      | Found Moigoovi's Assorted Antiques.
  5075 | D:5      | Reached skill level 5 in Transmutations
  5117 | D:5      | Bought a scroll labeled JAB CIFFOHY for 22 gold pieces
  5117 | D:5      | Bought a fuming orange potion for 19 gold pieces
  5117 | D:5      | Bought a metallic ruby potion for 19 gold pieces
  5117 | D:5      | Bought a scroll labeled BAURGHY FACUXT for 22 gold pieces
  5415 | D:6      | You fall into a shaft and drop 2 floors!
  5611 | D:8      | Reached skill level 8 in Unarmed Combat
  5611 | D:8      | Reached XP level 8. HP: 46/63 MP: 8/11
  5885 | D:8      | Mangled by a wyvern

Illustrated notes

Levels and vault maps discovered:
D:1:      sevenhm_arrival_forest_fort_large_4, layout_loops_ring
D:2:      layout_basic, lemuel_doored_altar
D:3:      layout_basic, minmay_misc_feat_five, corner_web_ring
D:4:      layout_loops_corners, lightli_corner_chamber, uniq_blork_the_orc,
          uniq_grinder
D:5:      layout_gridville, serial_shops, nicolae_shop_crystal, shop_fountains,
          nicolae_ru_awakened_eye
D:6:      layout_cave_pools, basic_altar
D:8:      layout_rooms, uniq_joseph, uniq_psyche

Skill      XL: |  1  2  3  4  5  6  7 |
---------------+----------------------+-----
Fighting       | 2 3 |  3.0
Unarmed Combat | 4 5 6 8 |  8.3
Transmutations | 3 4 5 |  5.7
Dodging        | |  1.7
Spellcasting   | |  2.0

Action                   |  1- 3 |  4- 6 |  7- 9 || total
-------------------------+-------+-------+-------++-------
Melee: Unarmed           |   100 |   159 |   125 ||   384
       Kick              |    13 |    20 |     9 ||    42
       Headbutt          |     6 |    16 |     3 ||    25
       Tailslap          |     5 |    14 |    13 ||    32
       Punch             |       |     3 |     2 ||     5
 Cast: Beastly Appendage |    16 |    25 |     9 ||    50
       Spider Form       |     1 |     3 |     5 ||     9
 Abil: Breathe Acid      |       |       |     2 ||     2
  Use: Scroll            |     4 |     2 |     6 ||    12
Armor: Skin              |    38 |    54 |    34 ||   126
Dodge: Dodged            |    71 |   107 |    75 ||   253

Table legend: (Time is in decaauts)
 A = Elapsed time spent in this place.
 B = Non-inter-level travel time spent in this place.
 C = Inter-level travel time spent in this place.
 D = Time resting spent in this place.
 E = Time spent auto-exploring this place.
 F = Levels seen in this place.
 G = Mean time per level.
                   A        B        C        D        E       F      G
               +--------+--------+--------+--------+--------+-----+--------+
         Total |   5849 |   5674 |    175 |   1636 |   3147 |   7 |  835.6 |
       Dungeon |   5849 |   5674 |    175 |   1636 |   3147 |   7 |  835.6 |
               +--------+--------+--------+--------+--------+-----+--------+

Top non-repeatable levels by time:
     D:2: 1506 daAuts
     D:1: 1363 daAuts
     D:4: 1021 daAuts
     D:3: 736 daAuts
     D:5: 566 daAuts
     D:8: 464 daAuts
     D:6: 190 daAuts
